 Dungeon Crawl Stone Soup version 0.17-a0-1324-ga541562 (webtiles) character file.

112733 Fluffy the Bludgeoner (level 16, -3/115 HPs)
             Began as a Gargoyle Fighter on June 9, 2015.
             Was the Champion of Okawaru.
             Slain by a merfolk impaler
             ... wielding a +7 trident of flaming
              (17 damage)
             ... on level 3 of the Shoals.
             The game lasted 01:35:51 (26625 turns).

Fluffy the Bludgeoner (Gargoyle Fighter)           Turns: 26625, Time: 01:35:53

Health: -3/115     AC: 34    Str: 29    XL:     16   Next: 61%
Magic:  18/24      EV: 23    Int: 10    God:    Okawaru [******]
Gold:   2325       SH: 24    Dex: 19    Spells: 0 memorised, 15 levels left

rFire  . . .     SeeInvis .     y - +3 whip (elec)
rCold  . . .     Clarity  .     P - +1 ring mail "Perr" {rElec Regen+}
rNeg   + . .     SustAt   +     V - +0 large shield (curse)
rPois  ∞         Gourm    .     p - +0 helmet
rElec  +         Spirit   .     L - +1 cloak {MR+}
rCorr  .         Warding  .     j - +1 pair of gloves {Str+3}
rMut   .         Stasis   .     D - +1 pair of boots
MR     ++...                    i - amulet of regeneration
Stlth  ++++......               a - ring of sustain attributes
                                l - +2 ring of protection

@: mighty, agile, heroism, finesse, flying, mesmerised, hasted, very quick, very
resistant to hostile enchantments, stealthy
A: big wings, talons 1, negative energy resistance 1, robust 1, electricity
resistance, wild magic 1, unbreathing, petrification resistance, rot immunity,
AC +11
a: Stop Flying, Heroism, Finesse, Renounce Religion


You were on level 3 of the Shoals.
You worshipped Okawaru.
Okawaru was exalted by your worship.
You were not hungry.

You visited 6 branches of the dungeon, and saw 28 of its levels.
You also visited: Ossuary and Volcano.

You collected 3035 gold pieces.
You spent 710 gold pieces at shops.

Inventory:

Hand weapons
 y - a +3 whip of electrocution (weapon)
Armour
 j - a +1 pair of gloves of strength (worn)
 p - a +0 helmet (worn)
 D - a +1 pair of boots (worn)
 H - a +2 plate armour of fire resistance
 L - a +1 cloak of magic resistance (worn)
 P - the +1 ring mail "Perr" (worn) {rElec Regen+}
   (You found it on level 2 of the Snake Pit)

   It insulates you from electricity.
   It increases your rate of regeneration.
 V - a cursed +0 large shield (worn)
Jewellery
 a - a ring of sustain attributes (right hand)
 c - an uncursed ring of ice
 i - an amulet of regeneration (around neck)
 l - a +2 ring of protection (left hand)
 r - an uncursed amulet of resist mutation
 t - an uncursed ring of teleport control
Magical devices
 b - a wand of disintegration (8)
 f - a wand of draining (7)
 q - a wand of disintegration (12)
 x - a wand of confusion (48)
 I - a wand of fireball (7)
 R - a wand of digging (3)
 T - a wand of draining (5)
 W - a wand of teleportation (6)
 Y - a wand of disintegration (9)
 Z - a wand of teleportation (1)
Scrolls
 k - 7 scrolls of recharging
 m - 8 scrolls of remove curse
 n - 6 scrolls of teleportation
 o - 3 scrolls of enchant weapon
 A - 4 scrolls of fear
 B - 3 scrolls of immolation
 J - 3 scrolls of fog
 M - 7 scrolls of blinking
 N - 7 scrolls of identify
 Q - 3 scrolls of magic mapping
Potions
 d - 6 potions of might
 g - 4 potions of haste
 h - 4 potions of agility
 s - a potion of heal wounds
 v - 15 potions of curing
 C - a potion of resistance
 F - 3 potions of ambrosia
 G - 2 potions of magic
 X - a potion of cure mutation
Miscellaneous
 z - a stone of tremors
Comestibles
 e - 16 bread rations
 u - 2 fruits
 w - 3 royal jellies
 K - 7 meat rations
 O - 8 slices of pizza
 U - 7 beef jerkies


   Skills:
 + Level 13.8(18.8) Fighting
 - Level 15.6(20.6) Maces & Flails
 + Level 13.9(18.9) Armour
 + Level 4.8(9.8) Dodging
 + Level 13.7(18.7) Shields
 - Level 11.2 Invocations


You had 15 spell levels left.
You didn't know any spells.

Dungeon Overview and Level Annotations

Branches:
Dungeon (9/15)             Temple (1/1) D:6            Lair (8/8) D:9
 Shoals (3/4) Lair:6        Snake (3/4) Lair:3        Slime (0/6) Lair:6
    Orc (4/4) D:9             Elf (0/3) Orc:3

Altars:
Ashenzari
Cheibriados
Dithmenos
Elyvilon
Fedhas
Gozag
Kikubaaqudgha
Makhleb
Nemelex Xobeh
Okawaru
Qazlal
Ru
Sif Muna
Trog
Vehumet
Xom
Yredelemnul
Zin
The Shining One
Jiyva

Shops:
D:5 }   Orc:1 **   Orc:4 ?(=:

Annotations:
Shoals:2 exclusion: Roxanne, Roxanne


Innate Abilities, Weirdness & Mutations

You are resistant to torment.
Your stone body is resilient (AC +11).
You are immune to poison.
Your large and strong wings let you fly indefinitely.
You resist negative energy.
You are resistant to electric shocks.
You can survive without breathing.
You are immune to petrification.
You are immune to rotting.
You have sharp toenails.
You are robust (+10% HP).
Your spells are a little harder to cast, but a little more powerful.


Message History

The griffon is lightly wounded.
The merfolk impaler hits you with a trident of flaming.
* * * LOW HITPOINT WARNING * * *
The merfolk impaler burns you.
* * * LOW HITPOINT WARNING * * *
You block the merfolk's attack.
You whack the griffon!
There is a sudden explosion of sparks!
The griffon is severely wounded.
You block the merfolk's attack. The griffon bites you!
* * * LOW HITPOINT WARNING * * *
The griffon completely misses you. You block the griffon's attack.
Drink which item? (? for menu, Esc to quit)
You feel yourself speed up. You block the harpy's attack.
The harpy claws you but does no damage.
The merfolk hits you but does no damage.
The merfolk completely misses you. You block the merfolk impaler's attack.
The merfolk avatar chants its luring song.
The merfolk completely misses you. The merfolk closely misses you.
The merfolk impaler hits you with a trident of flaming!
You die...

#≈≈≈≈≈≈≈≈≈...#....
#≈≈≈≈≈≈≈≈≈≈.## .#
#≈≈≈≈≈≈≈≈≈≈≈.#..#
#≈≈≈≈≈≈≈≈≈≈≈...$.#......
#≈≈≈≈≈≈m≈≈≈≈≈.........≈≈
#≈≈≈≈≈≈≈≈≈≈≈≈≈......≈≈≈≈
#≈≈≈≈≈≈mH≈≈≈≈≈≈....≈≈≈≈≈
#≈≈≈≈≈mmmm≈≈≈≈≈≈≈≈≈≈≈≈≈≈
#≈≈≈≈≈≈@H≈≈≈≈≈≈≈≈≈≈≈≈≈≈≈
#≈≈≈≈≈≈≈H≈≈≈≈≈≈≈≈≈≈≈≈≈≈≈
#≈≈≈≈≈≈m≈≈≈≈≈≈≈≈≈≈≈≈≈≈≈≈
#≈≈≈≈≈≈≈≈≈≈≈≈≈≈≈≈≈≈≈≈≈≈≈
#≈≈≈≈≈≈≈≈≈≈≈≈≈≈≈≈≈≈≈≈≈≈≈
#≈≈≈≈≈≈≈≈≈≈≈....≈≈≈≈≈≈≈≈
#≈≈≈≈≈≈≈≈≈.......≈≈≈≈≈≈≈
#≈≈≈≈≈≈≈≈≈≈.###†≈≈≈≈≈≈≈≈
#≈≈≈≈≈≈≈≈≈≈.###.≈≈≈≈≈≈≈≈


You could see a merfolk avatar, a merfolk impaler, a griffon, 5 merfolk and 2
harpies.

Vanquished Creatures
  Polyphemus (Shoals:1)
  A merfolk javelineer (Shoals:2)
  A merfolk impaler (Shoals:1)
  The ghost of asdu the Cleaver, a powerful DDAs of Makhleb (Lair:8)
  2 naga warriors
  2 hydras
  3 merfolk avatars
  A catoblepas (Shoals:2)
  2 satyrs
  2 anacondas
  3 orc high priests (Orc:4)
  11 death yaks
  2 naga sharpshooters (Snake:2)
  Nergalle (Lair:3)
  2 shock serpents
  A lindwurm (Lair:5)
  Pikel (D:4)
  14 sea snakes
  11 harpies
  4 orc knights (Orc:4)
  3 naga ritualists
  11 fauns
  5 mana vipers
  5 orc sorcerers
  6 griffons
  4 manticores
  3 sirens
  4 water nymphs
  28 black mambas
  Maurice (Orc:3)
  19 elephants
  17 spiny frogs
  4 naga magi
  A torpor snail (Lair:7)
  7 komodo dragons
  10 merfolk
  2 fire drakes
  A troll (Orc:3)
  A polar bear (Lair:3)
  20 blink frogs
  4 giant leeches (Lair:8)
  4 snapping turtles
  2 wind drakes (Shoals:2)
  2 flying skulls (Volcano)
  2 hungry ghosts
  12 hippogriffs
  31 yaks
  5 vampire mosquitoes (Lair:8)
  A water elemental (Shoals:2)
  A vampire (Volcano)
  12 wolves
  21 water moccasins
  3 basilisks
  A warg (Orc:1)
  Edmund (D:6)
  15 nagas
  15 porcupines
  Duvessa (D:7)
  2 black bears (Lair:2)
  22 orc warriors
  An eye of draining (D:8)
  2 sky beasts
  4 ice beasts
  A phantom (D:9)
  2 slaves (D:4)
  A necrophage (D:6)
  8 ogres
  10 crocodiles
  6 centaurs
  A big kobold (D:8)
  27 giant frogs
  Dowan (D:7)
  A water moccasin zombie (D:6)
  5 killer bees (D:8)
  17 wights
  2 scorpions
  10 electric eels
  A jelly (D:7)
  2 crimson imps
  A giant frog zombie (D:5)
  2 human zombies (Ossuary)
  16 orc priests
  A centaur skeleton (D:9)
  27 orc wizards
  6 iguanas
  Terence (D:3)
  6 hell rats (Lair:7)
  9 hounds
  7 worker ants
  26 sheep
  8 mummies
  A hound skeleton (D:9)
  7 gnolls
  29 river rats
  15 adders
  A shadow imp (D:5)
  An adder skeleton (D:8)
  7 worms
  3 giant geckos
  125 orcs
  4 ball pythons
  14 hobgoblins
  20 jackals
  24 bats
  9 giant cockroaches
  A giant gecko skeleton (D:4)
  8 giant newts
  19 goblins
  A hobgoblin zombie (Ossuary)
  15 kobolds
  3 kobold zombies (Ossuary)
  2 orc zombies (Ossuary)
  3 quokkas
  17 rats
916 creatures vanquished.

Vanquished Creatures (others)
  8 fungi
  3 plants
11 creatures vanquished.

Grand Total: 927 creatures vanquished

Notes
Turn   | Place    | Note
--------------------------------------------------------------
     0 | D:1      | Fluffy the Gargoyle Fighter began the quest for the Orb.
     0 | D:1      | Reached XP level 1. HP: 14/14 MP: 1/1
   205 | D:1      | Reached XP level 2. HP: 19/19 MP: 2/2
   415 | D:1      | Reached XP level 3. HP: 23/23 MP: 3/3
  1072 | D:2      | Reached skill level 4 in Maces & Flails
  1096 | D:2      | Reached XP level 4. HP: 24/28 MP: 4/4
  1962 | D:3      | Noticed an ogre
  1967 | D:3      | Killed an ogre
  1967 | D:3      | Reached skill level 5 in Maces & Flails
  1967 | D:3      | Reached XP level 5. HP: 22/32 MP: 5/5
  2328 | D:3      | Found a white marble altar of Elyvilon.
  2388 | D:3      | Noticed Terence
  2395 | D:3      | Killed Terence
  2395 | D:3      | Reached skill level 6 in Maces & Flails
  2395 | D:3      | Reached XP level 6. HP: 37/37 MP: 6/6
  2806 | D:4      | Noticed Pikel
  2879 | D:4      | Killed Pikel
  2879 | D:4      | Reached skill level 8 in Maces & Flails
  2879 | D:4      | Reached XP level 7. HP: 22/41 MP: 7/7
  3245 | D:4      | Found an opulent altar of Gozag.
  3248 | D:4      | Found a white marble altar of Elyvilon.
  3251 | D:4      | Found a bloodstained altar of Trog.
  3284 | D:4      | Got a polished falchion
  3289 | D:4      | Identified the +9 falchion of Power {slice, +Rage MP+9 Int-2} (You took it off an orc on level 4 of the Dungeon)
  3435 | D:5      | Entered Level 5 of the Dungeon
  3521 | D:5      | Reached skill level 9 in Maces & Flails
  3521 | D:5      | Reached XP level 8. HP: 46/46 MP: 8/8
  3546 | D:5      | Found Touhioh's Gadget Boutique.
  4164 | D:6      | Reached skill level 10 in Maces & Flails
  4202 | D:6      | Found a sand-covered staircase.
  4205 | D:6      | Noticed Edmund
  4212 | Ossuary  | Entered an ossuary
  4472 | D:6      | Killed Edmund
  4472 | D:6      | Reached skill level 11 in Maces & Flails
  4472 | D:6      | Reached XP level 9. HP: 45/51 MP: 9/9
  4552 | D:6      | Found a basalt altar of Yredelemnul.
  4739 | D:6      | Found a staircase to the Ecumenical Temple.
  4744 | Temple   | Entered the Ecumenical Temple
  4836 | Temple   | Became a worshipper of Warmaster Okawaru
  5335 | D:7      | Reached skill level 1 in Invocations
  5650 | D:7      | Noticed Duvessa
  5650 | D:7      | Noticed Dowan
  5655 | D:7      | Killed Duvessa
  5661 | D:7      | Killed Dowan
  5661 | D:7      | Acquired Okawaru's first power
  5901 | D:8      | Reached skill level 12 in Maces & Flails
  5980 | D:8      | Reached XP level 10. HP: 56/58 MP: 12/12
  6059 | D:8      | Reached skill level 5 in Fighting
  6427 | D:8      | Reached skill level 5 in Shields
  6439 | D:8      | Reached skill level 5 in Armour
  6875 | D:8      | Gained mutation: You have sharp toenails. [potion of beneficial mutation]
  7560 | D:9      | Reached skill level 5 in Invocations
  7598 | D:9      | Found a staircase to the Orcish Mines.
  7887 | D:9      | Found a staircase to the Lair.
  8125 | D:9      | Found a basalt altar of Yredelemnul.
  8126 | D:9      | Found an ancient bone altar of Kikubaaqudgha.
  8269 | Lair:1   | Entered Level 1 of the Lair of Beasts
  8345 | Lair:1   | Reached XP level 11. HP: 56/66 MP: 15/15
  9802 | Lair:2   | Reached skill level 13 in Maces & Flails
  9999 | Lair:2   | Acquired Okawaru's second power
 10376 | Lair:2   | Found a shadowy altar of Dithmenos.
 10818 | Lair:3   | Received a gift from Okawaru
 10819 | Lair:3   | Got a crystal lajatang {god gift}
 10825 | Lair:3   | Identified the +7 lajatang of Subjectivity {flame, +Fly rElec rC+ Stlth+} (Okawaru gifted it to you on level 3 of the Lair of Beasts)
 10871 | Lair:3   | Reached XP level 12. HP: 65/73 MP: 17/17
 11423 | Lair:3   | Found a staircase to the Snake Pit.
 11457 | Lair:3   | Noticed Nergalle
 11486 | Lair:3   | Killed Nergalle
 11538 | Lair:3   | Got a scorched long sword
 11539 | Lair:3   | Identified the cursed +1 long sword of the Equator {venom, Str+4} (You found it on level 3 of the Lair of Beasts)
 11805 | Lair:4   | Received a gift from Okawaru
 12692 | Lair:5   | Found a dark tunnel.
 12701 | Volcano  | Entered a volcano
 13138 | Lair:5   | Gained mutation: You are robust (+10% HP). [potion of beneficial mutation]
 13139 | Lair:5   | Gained mutation: Your spells are a little harder to cast, but a little more powerful. [potion of beneficial mutation]
 13864 | Lair:6   | Found a staircase to the Shoals.
 14092 | Lair:6   | Reached XP level 13. HP: 84/88 MP: 19/19
 14095 | Lair:6   | Reached skill level 14 in Maces & Flails
 14228 | Lair:6   | Noticed a six-headed hydra
 14239 | Lair:6   | Killed a six-headed hydra
 14351 | Lair:6   | Found a viscous altar of Jiyva.
 14351 | Lair:6   | Found a staircase to the Slime Pits.
 14706 | Lair:7   | Reached skill level 10 in Armour
 14748 | Lair:7   | Reached skill level 10 in Fighting
 14948 | Lair:7   | Reached skill level 10 in Shields
 15215 | Lair:7   | Received a gift from Okawaru
 15277 | Lair:7   | Reached skill level 10 in Invocations
 16283 | Lair:8   | Entered Level 8 of the Lair of Beasts
 16294 | Lair:8   | Gained mutation: Your large and strong wings let you fly indefinitely. [Gargoyle growth]
 16294 | Lair:8   | Reached XP level 14. HP: 83/96 MP: 21/21
 16386 | Lair:8   | Received a gift from Okawaru
 16955 | Lair:8   | Noticed asdu's ghost (powerful DDAs)
 17019 | Lair:8   | Killed asdu's ghost
 17560 | Lair:8   | Reached skill level 15 in Maces & Flails
 17614 | Lair:8   | Got a fine scale mail
 17909 | Lair:8   | Identified the +3 scale mail "Miuquzi" {rF+ Stlth+} (You found it on level 8 of the Lair of Beasts)
 18323 | Orc:1    | Entered Level 1 of the Orcish Mines
 18499 | Orc:1    | Found Gotos's General Store.
 18607 | Orc:1    | Found Irelamp's Assorted Antiques.
 18616 | Orc:1    | Bought a scroll of identify for 70 gold pieces
 19558 | Orc:3    | Noticed Maurice
 19610 | Orc:3    | Killed Maurice
 19921 | Orc:3    | Found a staircase to the Elven Halls.
 19992 | Orc:4    | Entered Level 4 of the Orcish Mines
 20545 | Orc:4    | Found Bomokim's Magic Scroll Shoppe.
 20936 | Orc:4    | Found Alonlowk's Jewellery Shop.
 20982 | Orc:4    | Reached XP level 15. HP: 88/105 MP: 23/23
 21018 | Orc:4    | Found Licinesui's Book Shop.
 21020 | Orc:4    | Found Jemm's Weapon Shoppe.
 21285 | Orc:4    | Bought an uncursed amulet of resist mutation for 560 gold pieces
 21285 | Orc:4    | Bought a cursed amulet of inaccuracy for 28 gold pieces
 21290 | Orc:4    | Bought a scroll of identify for 26 gold pieces
 21290 | Orc:4    | Bought a scroll of identify for 26 gold pieces
 21554 | Snake:1  | Entered Level 1 of the Snake Pit
 21586 | Snake:1  | You are sucked into a shaft!
 21718 | Snake:2  | Received a gift from Okawaru
 22291 | Snake:2  | Got a dazzling ring mail
 22306 | Snake:2  | Identified the +1 ring mail "Perr" {rElec Regen+} (You found it on level 2 of the Snake Pit)
 22615 | Snake:1  | Received a gift from Okawaru
 23419 | Snake:3  | Reached skill level 1 in Dodging
 23805 | Snake:3  | Found an iron altar of Okawaru.
 24191 | Shoals:1 | Entered Level 1 of the Shoals
 24600 | Shoals:1 | Received a gift from Okawaru
 24637 | Shoals:1 | Reached XP level 16. HP: 89/114 MP: 24/24
 25251 | Shoals:2 | Noticed Polyphemus
 25352 | Shoals:1 | Killed Polyphemus
 25478 | Shoals:2 | Noticed Roxanne
 26625 | Shoals:3 | Slain by a merfolk impaler

Vault maps used:
D:1:      scummos_arrival_star
D:2:      first_bread
D:3:      elyvilon_altar_4, uniq_terence
D:4:      grunt_temple_overflow_diamond, uniq_pikel
D:5:      serial_shops, nicolae_shop_crystal, sigmund_army
D:6:      temple_doors_b, nicolae_ossuary_entry_monument,
          yredelemnul_altar_generic, uniq_edmund
D:7:      uniq_duvessa
D:8:      grunt_pizzeria, patterned_corridor
D:9:      gammafunk_temple_overflow_statue, lair_0_dummy, david_orc_4,
          evilmike_butchery
Temple:   minmay_temple_curvy_14
Lair:1:   roderic_batcave
Lair:2:   minivault_11, lemuel_centaur_altar, grunt_megastairs_3
Lair:3:   minmay_snake_entry_guardpost_small, roderic_lost_polar_bear,
          uniq_nergalle
Lair:5:   enter_volcano_3, infiniplex_staircase_pool
Lair:6:   shoals_dummy_entry, dpeg_slime_entry_enclosed_altar
Lair:7:   beast_lair_carwin_large_4, guppyfry_lair_drakes
Lair:8:   minmay_lair_end_frog_pond, nicolae_lair_grove_arrangements,
          serial_bayou_shore_a
Shoals:2: uniq_polyphemus, uniq_roxanne
Shoals:3: nicolae_shoals_seven_spires, nicolae_shoals_kraken_intersection,
          uniq_jorgrun
Snake:2:  serial_bayou_crossing, serial_bayou_shore_b
Snake:3:  basic_altar, nicolae_snake_linked_coils, minmay_snake_pond
Orc:1:    serial_shops, shop_statue, shop
Orc:3:    nicolae_orc_pool_cavern, uniq_maurice
Orc:4:    st_orc_elflike
Ossuary:  ossuary_crypta
Volcano:  volcano_tomb

Action                   |  1- 3 |  4- 6 |  7- 9 | 10-12 | 13-15 | 16-18 || total
-------------------------+-------+-------+-------+-------+-------+-------++-------
Melee: Flail             |   152 |   200 |       |    28 |       |       ||   380
       Whip              |       |       |   419 |  1187 |  2804 |   607 ||  5017
       Falchion          |       |       |    10 |       |       |       ||    10
       Lajatang          |       |       |       |    20 |       |       ||    20
Invok: Heroism           |       |       |       |       |     3 |     2 ||     5
       Finesse           |       |       |       |       |     1 |     2 ||     3
 Abil: Fly               |       |       |       |       |     1 |       ||     1
Evoke: Wand              |       |     3 |       |       |       |       ||     3
  Use: Scroll            |       |       |     8 |    22 |     9 |       ||    39
       Potion            |       |       |       |     3 |       |     6 ||     9
 Stab: Petrified         |       |       |       |       |       |     3 ||     3
  Eat: Chunk             |     1 |     5 |    12 |    26 |    38 |     9 ||    91
       Pizza             |       |       |     1 |       |     1 |       ||     2
       Royal jelly       |       |       |       |       |     2 |       ||     2
